 Dungeon Crawl Stone Soup version 0.16.1-5-gaa23807 (webtiles) character file.

382 Radiman the Cudgeler (level 6, 0/52 HPs)
             Began as a Centaur Fighter on Mar 28, 2015.
             Killed from afar by an orc wizard (5 damage)
             ... with a puff of flame
             ... on level 3 of the Dungeon.
             The game lasted 00:14:08 (3913 turns).

Radiman the Cudgeler (Centaur Fighter)              Turns: 3913, Time: 00:14:08

Health: 0/52       AC:  8    Str: 20    XL:     6   Next: 47%
Magic:  5/5        EV:  5    Int:  7    God:
Gold:   118        SH:  8    Dex:  9    Spells: 0 memorised, 5 levels left

rFire  . . .     SeeInvis .     w - +0 flail
rCold  . . .     Clarity  .     b - +0 scale mail
rNeg   . . .     SustAb   .     c - +0 shield
rPois  .         Gourm    .     u - +0 helmet
rElec  .         Spirit   .     (no cloak)
rCorr  .         Warding  .     g - +0 pair of gloves
rMut   .         Stasis   .     (no barding)
MR     .....                    (no amulet)
Stlth  ..........               (no ring)
                                (no ring)

@: very quick, not resistant to hostile enchantments, extremely unstealthy
A: hooves 3, deformed body, speed 2, tough skin 3
a: no special abilities


You were on level 3 of the Dungeon.
You were not hungry.

You visited 1 branch of the dungeon, and saw 5 of its levels.

You collected 118 gold pieces.

Inventory:

Hand weapons
 i - a +0 flail
 w - a +0 flail (weapon)
Armour
 b - a +0 scale mail (worn)
 c - a +0 shield (worn)
 g - a +0 pair of gloves (worn)
 u - a +0 helmet (worn)
Scrolls
 a - a scroll of remove curse
 f - a scroll of noise
 j - 4 scrolls of teleportation
 l - a scroll of blinking {unknown}
 o - 3 scrolls of immolation
Potions
 e - 2 potions of might
 k - 3 potions of agility
 m - 3 potions of heal wounds
 n - 4 potions of brilliance
 q - a potion of lignification
 r - 2 potions of restore abilities
 s - 2 potions of curing
Comestibles
 d - 2 bread rations
 p - 4 fruits


   Skills:
 - Level 3.7 Fighting
 * Level 5.2 Maces & Flails
 - Level 2.6 Armour
 - Level 0.7 Dodging
 - Level 2.6 Shields


You had 5 spell levels left.
You didn't know any spells.

Dungeon Overview and Level Annotations

Branches:
Dungeon (5/15)
 Temple: D:4-7

Altars:


Innate Abilities, Weirdness & Mutations

You have hooves in place of feet.
Armour fits poorly on your strangely shaped body.
You cover ground very quickly.
You have extremely tough skin (AC +3).


Message History

You see here a club.
The orc wizard points at you and mumbles some strange words.
The puff of frost hits you!
* * * LOW HITPOINT WARNING * * *
The orc wizard casts a spell at you. The magic dart hits you!
You see here a club.
You closely miss the orc wizard. You block the orc wizard's attack.
The orc wizard points at you and mumbles some strange words.
You block the puff of flame.
You closely miss the orc wizard. You kick the orc wizard.
The orc wizard is lightly wounded.
You block the orc wizard's attack.
The orc wizard hits you but does no damage.
You hit the orc wizard!
You kick the orc wizard, but do no damage.
The orc wizard is heavily wounded.
The orc wizard casts a spell at you. The puff of flame hits you!
You die...

...##..).#..............#
#
...##....#..............#
#
...##....#..............#
#
...##....#..............#
#
#####....#..............#
# #....#..[...........# #
############'######## #
#o# # #@# # #.# #
#.################
#.................
##################


You could see an orc wizard.

Vanquished Creatures
  An iguana (D:4)
  An orc priest (D:4)
  3 orc wizards (D:4)
  A worker ant (D:4)
  6 adders
  3 gnolls (D:2)
  A giant mite (D:4)
  6 worms
  2 giant geckos
  12 orcs
  4 giant cockroaches
  11 hobgoblins
  11 kobolds
  A quokka (D:2)
  7 bats
  3 giant newts (D:3)
  8 goblins
  A quokka skeleton (D:4)
  13 rats
95 creatures vanquished.

Notes
Turn   | Place    | Note
--------------------------------------------------------------
     0 | D:1      | Radiman, the Centaur Fighter, began the quest for the Orb.
     0 | D:1      | Reached XP level 1. HP: 19/19 MP: 1/1
   181 | D:1      | Reached XP level 2. HP: 16/26 MP: 2/2
  1021 | D:2      | Reached XP level 3. HP: 26/31 MP: 3/3
  1089 | D:2      | Reached XP level 4. HP: 8/39 MP: 3/3
  2259 | D:3      | Reached XP level 5. HP: 16/46 MP: 4/4
  3078 | D:4      | Reached skill level 4 in Maces & Flails
  3321 | D:4      | Reached XP level 6. HP: 18/52 MP: 5/5
  3360 | D:5      | Entered Level 5 of the Dungeon
  3651 | D:4      | Reached skill level 5 in Maces & Flails
  3913 | D:3      | Killed from afar by an orc wizard

Action                   |  1- 3 |  4- 6 || total
-------------------------+-------+-------++-------
Melee: Flail             |   103 |   255 ||   358
  Use: Scroll            |       |    11 ||    11
  Eat: Chunk             |       |     7 ||     7
       Fruit             |       |     1 ||     1
